lixian, chaotic female human Rogue ---- ..--- ....| -...--- |.....- |*.... --.*... |..>..---- |.....--.| ----- |........----------- ....- |.......).^).......| -... --.......---------.--- |...-- |.......--- ||...| |....------.....[(..--- .||..-- -..........hh*%.........||..| --<..----..))@........-----.----- --...| ---.....--...-- -.....- --..| |)..--- ---- |..|....| ---- |..-- |..|-..-- ---- ---- --- lixian the Cutpurse Experience level: 5 Strength: 11 Dexterity: 16 Constitution: 14 Intelligence: 9 Wisdom: 12 Charisma: 12 Health: 0(31) Energy: 25(25) Def: 5 Gold: 0 Moves: 1508 Dungeon seed: _USqADj7b6ZRvelk Game ID: lixian_1534424130 Your Inventory: Weapons a - an uncursed +0 dagger named Sharptooth (weapon in hand) b - 2 uncursed +0 daggers (in quiver) s - 7 uncursed +0 daggers Armor e - a blessed +1 leather armor (being worn) r - an uncursed +0 dwarvish cloak (being worn) v - an uncursed +0 pair of iron shoes (being worn) y - an uncursed +0 dwarvish cloak Comestibles C - an uncursed food ration D - an uncursed lichen corpse Potions J - an uncursed potion of monster detection K - an uncursed potion of water Wands n - an uncursed wand of make invisible (0:4) Tools f - an uncursed sack k - an uncursed lock pick o - an uncursed blindfold named nocursed q - 4 uncursed tallow candles (0:200) A - an uncursed +0 pick-axe named noncursed B - an uncursed sack F - an uncursed lock pick Gems w - 2 uncursed worthless pieces of yellowish brown glass z - an uncursed worthless piece of blue glass N - an uncursed worthless piece of white glass Y - an uncursed chrysoberyl stone Contents of the sack: 132 gold pieces 2 uncursed scrolls of identify an uncursed potion of object detection a blessed potion of speed an uncursed ring of protection from shape changers Spells and supernatural/magical abilities: Name Level Category Fail Memory W - pray for help -- divine ? -- Your skills at the end: Fighting Skills Weapon Skills dagger [Skilled] short sword [Basic] Spellcasting Skills Final Attributes: You were piously aligned. You were stealthy. You are dead. Vanquished creatures: a dwarf lord a shrieker a gnome lord 2 gnomish wizards 4 dwarves 15 gnomes a gecko a jackal 2 foxes 2 sewer rats 5 grid bugs 3 lichens 3 kobold zombies 5 newts 46 creatures vanquished. Voluntary challenges: You were an atheist. You used a wielded weapon 59 times, starting on turn 35. You read items or engraved 5 times, starting on turn 319. You never genocided any monsters. You never polymorphed an object. You never changed form. You used no wishes. You never split a pudding. You wrote Elbereth's name 4 times, starting on turn 727. You never violated your personal moral code. Dungeon overview: The Dungeons of Doom: levels 1 to 3 Level 1 a fountain a long staircase Level 2 some fountains stairs to The Gnomish Mines Level 3 The Gnomish Mines: levels 3 to 4 Level 3 (stash) stairs to The Dungeons of Doom Level 4 <- You were here History has recorded: On T:1 you entered the Dungeons of Doom to retrieve the Amulet of Yendor! On T:268 you reached level 2 of The Dungeons of Doom. On T:691 you reached level 3 of The Dungeons of Doom. On T:723 you reached level 1 of The Gnomish Mines. On T:732 you advanced to experience level 2. On T:955 you advanced to experience level 3. On T:1024 you advanced to experience level 4. On T:1295 you advanced to experience level 5. On T:1408 you reached level 2 of The Gnomish Mines. Score breakdown: Gold: 132 ( 7224 points) Experience: 5 levels (11141 points) Exploration: 4 levels ( 8.33%) ( 7579 points) Discoveries: 1 item ( 0.34%) ( 1737 points) Valuables value: (no points given unless you survive) Artifact value: 0 ( 0 points) Variety of kills: 14 monsters ( 3.67%) ( 5750 points) Turncount: 1508 turns ( 0 points) Survival: died (score multiplied by 80%) Total score: 26744 Latest messages: You throw 2 daggers. The 1st dagger hits the gnome. You kill the gnome! The 2nd dagger hits the dwarf lord! Your movements are now unencumbered. You throw 3 daggers. The 1st dagger hits the dwarf lord. The 2nd dagger hits the dwarf lord. The 3rd dagger hits the dwarf lord. You throw 2 daggers. The 1st dagger hits the dwarf lord. The 2nd dagger hits the dwarf lord! The dwarf lord wields a broad pick! The broad pick welds itself to the dwarf lord's hand! The dwarf lord swings his broad pick. The dwarf lord hits! You die... The sack is empty. The sack is empty. Final status: Goodbye lixian the Rogue, killed by a dwarf lord... You died in The Gnomish Mines on dungeon level 4 with 26744 points, and 132 pieces of gold, after 1508 moves. You were level 5 with a maximum of 31 hit points when you died.